[Event "94th FRA-ch Veterans 2019"]
[Site "Chartres"]
[Date "2019.08.20"]
[Round "4.6"]
[White "Daurelle, Herve"]
[Black "Derouineau, Paul"]
[Result "1-0"]
[ECO "B54"]
[WhiteElo "2179"]
[BlackElo "1924"]
[Annotator "NA"]
[PlyCount "43"]
[EventDate "2019.08.17"]
[EventType "swiss"]
[EventCountry "FRA"]
[SourceTitle "playchess.com"]
[Source "ChessBase"]
[SourceQuality "1"]
[TimeControl "40/5400+30:1800+30"]

1. e4 c5 2. Nf3 Nc6 3. d4 cxd4 4. Nxd4 d6 5. c4 e5 6. Nc2 Nf6 7. Nc3 Be7 8. Be2 O-O 9. O-O Nd4 10. Nxd4 exd4 11. Qxd4 Nd7 12. Bf4 Qb6 13. Qxb6 Nxb6 14. Rad1 Rd8 15. Nb5 Be6 16. b3 Nc8 17. c5 a6 18. Nxd6 Nxd6 19. cxd6 Bf8 20. e5 Rac8 21. Rc1 f6 22. Rxc8 1-0

[Event "94th FRA-ch Veterans 2019"]
[Site "Chartres"]
[Date "2019.08.21"]
[Round "5.1"]
[White "Dussol, Pierre"]
[Black "Vareille, Francois"]
[Result "1/2-1/2"]
[ECO "E12"]
[WhiteElo "2102"]
[BlackElo "2423"]
[Annotator "NA"]
[PlyCount "101"]
[EventDate "2019.08.17"]
[EventType "swiss"]
[EventCountry "FRA"]
[SourceTitle "playchess.com"]
[Source "ChessBase"]
[SourceQuality "1"]
[TimeControl "40/5400+30:1800+30"]

1. d4 Nf6 2. c4 e6 3. Nf3 b6 4. a3 Bb7 5. Nc3 d5 6. cxd5 Nxd5 7. Qc2 Be7 8. e4 Nxc3 9. bxc3 O-O 10. Bd3 c5 11. O-O Qc7 12. Qe2 Nd7 13. Bb2 Nf6 14. Ne5 Nd7 15. Ng4 Nf6 16. Ne5 b5 17. f4 g6 18. Rae1 a6 19. Qf3 c4 20. Bb1 Ne8 21. Qh3 f5 22. g4 Nd6 23. gxf5 exf5 24. exf5 Nxf5 25. Ng4 Bd6 26. Re6 Bxf4 27. Bxf5 gxf5 28. Ne5 Bxe5 29. Rxe5 Kh8 30. Kf2 Rg8 31. Bc1 Bg2 32. Qh4 Qc6 33. d5 Bxd5 34. Qd4 Rg2+ 35. Ke1 Kg8 36. Qxd5+ Qxd5 37. Rxd5 Rxh2 38. Rg1+ Kf7 39. Rxf5+ Ke6 40. Rf2 Rxf2 41. Kxf2 Rd8 42. Ke2 Rd3 43. Bd2 Rh3 44. Rg7 Rh2+ 45. Kd1 h5 46. Ra7 Rh1+ 47. Ke2 Rh2+ 48. Ke3 Rh3+ 49. Ke4 Rh4+ 50. Bf4 Rh1 51. Rxa6+ 1/2-1/2

[Event "94th FRA-ch Veterans 2019"]
[Site "Chartres"]
[Date "2019.08.21"]
[Round "5.2"]
[White "Seknadje-Askenazi, Jose"]
[Black "Goldenberg, Richard"]
[Result "0-1"]
[ECO "B06"]
[WhiteElo "1894"]
[BlackElo "2219"]
[Annotator "NA"]
[PlyCount "106"]
[EventDate "2019.08.17"]
[EventType "swiss"]
[EventCountry "FRA"]
[SourceTitle "playchess.com"]
[Source "ChessBase"]
[SourceQuality "1"]
[TimeControl "40/5400+30:1800+30"]

1. e4 g6 2. d4 Bg7 3. Nf3 d6 4. h3 Nd7 5. Bc4 e6 6. Nc3 a6 7. a4 Ne7 8. Be3 b6 9. O-O Bb7 10. Qd2 h6 11. Rfe1 Nf6 12. d5 e5 13. Rad1 g5 14. Nh2 Ng6 15. g3 Bc8 16. Bf1 Bd7 17. f3 Qc8 18. Qg2 Nh5 19. Rd2 O-O 20. Rf2 Kh8 21. Kh1 Qe8 22. b3 b5 23. a5 Kh7 24. b4 Qe7 25. Ne2 Rg8 26. Ng4 Raf8 27. Qh2 f5 28. exf5 Rxf5 29. Ng1 Qf7 30. Rd1 Bc8 31. Bd3 Qxd5 32. Rfd2 Qf7 33. Bxf5 Qxf5 34. Qf2 Bb7 35. Kh2 Rf8 36. Rf1 Rf7 37. c3 e4 38. Bd4 exf3 39. Bxg7 Nxg7 40. Ne3 Qe5 41. Rd4 h5 42. Re1 Ne6 43. Nf1 Qf5 44. Ne3 Qe5 45. Nf1 Qf6 46. Rd3 Ne5 47. Rde3 g4 48. h4 Ng7 49. Nd2 Nf5 50. Ne4 Bxe4 51. Rxe4 Nd3 52. Qd2 Nxe1 53. Qxe1 Re7 0-1

[Event "94th FRA-ch Veterans 2019"]
[Site "Chartres"]
[Date "2019.08.21"]
[Round "5.3"]
[White "Large, Laurent"]
[Black "Dubois, Herve"]
[Result "1-0"]
[ECO "D05"]
[WhiteElo "2183"]
[BlackElo "1806"]
[Annotator "NA"]
[PlyCount "37"]
[EventDate "2019.08.17"]
[EventType "swiss"]
[EventCountry "FRA"]
[SourceTitle "playchess.com"]
[Source "ChessBase"]
[SourceQuality "1"]
[TimeControl "40/5400+30:1800+30"]

1. d4 Nf6 2. Nf3 e6 3. e3 b6 4. Bd3 Bb7 5. O-O Be7 6. Nbd2 d5 7. Ne5 c5 8. c3 O-O 9. f4 Nbd7 10. Qf3 h6 11. g4 Rc8 12. Rf2 Ne4 13. Nxe4 dxe4 14. Bxe4 Bxe4 15. Qxe4 f5 16. gxf5 exf5 17. Qd5+ Kh8 18. Qxd7 Bh4 19. Qxd8 1-0

[Event "94th FRA-ch Veterans 2019"]
[Site "Chartres"]
[Date "2019.08.21"]
[Round "5.4"]
[White "Renault, Nicolas"]
[Black "Daurelle, Herve"]
[Result "0-1"]
[ECO "B22"]
[WhiteElo "1822"]
[BlackElo "2179"]
[Annotator "NA"]
[PlyCount "80"]
[EventDate "2019.08.17"]
[EventType "swiss"]
[EventCountry "FRA"]
[SourceTitle "playchess.com"]
[Source "ChessBase"]
[SourceQuality "1"]
[TimeControl "40/5400+30:1800+30"]

1. e4 c5 2. d4 cxd4 3. c3 Nf6 4. e5 Nd5 5. Nf3 Nc6 6. Bc4 Nb6 7. Bb3 d5 8. exd6 Qxd6 9. O-O Be6 10. Na3 Bxb3 11. axb3 a6 12. Re1 e6 13. Nxd4 Nxd4 14. Be3 Nf5 15. Qxd6 Bxd6 16. Bxb6 Rc8 17. Nc4 Bc7 18. Rad1 Bxb6 19. Nxb6 Rd8 20. Rxd8+ Kxd8 21. c4 Kc7 22. Na4 Rd8 23. Kf1 Rd2 24. c5 Nd4 25. b4 Nc2 26. Re4 Rd1+ 27. Ke2 Re1+ 28. Kd3 Rxe4 29. Kxe4 Nxb4 30. Kd4 Nd5 31. b3 Kc6 32. g3 Nf6 33. f3 Nd7 34. f4 Kb5 35. g4 Kb4 36. h4 Kxb3 37. Nc3 Nxc5 38. h5 h6 39. Ne2 Nd7 40. Nc3 Nf6 0-1

[Event "94th FRA-ch Veterans 2019"]
[Site "Chartres"]
[Date "2019.08.21"]
[Round "5.5"]
[White "Flachet, Thierry"]
[Black "Lucas, Jean-Christian"]
[Result "1-0"]
[ECO "A87"]
[WhiteElo "2036"]
[BlackElo "2018"]
[Annotator "NA"]
[PlyCount "105"]
[EventDate "2019.08.17"]
[EventType "swiss"]
[EventCountry "FRA"]
[SourceTitle "playchess.com"]
[Source "ChessBase"]
[SourceQuality "1"]
[TimeControl "40/5400+30:1800+30"]

1. Nf3 f5 2. c4 Nf6 3. g3 g6 4. Bg2 Bg7 5. O-O O-O 6. d4 d6 7. b3 c6 8. Bb2 e5 9. dxe5 Ng4 10. Qc2 Nxe5 11. e3 Na6 12. a3 Be6 13. Rd1 Qe7 14. Nd4 Bf7 15. Nc3 Rad8 16. Rd2 Nc7 17. Nf3 Rd7 18. Rad1 Rfd8 19. e4 fxe4 20. Nxe4 d5 21. Nxe5 Bxe5 22. Bxe5 Qxe5 23. Nc5 Re7 24. Nxb7 Rde8 25. Na5 Qf6 26. h3 dxc4 27. Nxc4 Nd5 28. Qb2 Nc3 29. Rc1 Re2 30. Rf1 Bd5 31. Bxd5+ cxd5 32. Ne3 Rxd2 33. Qxd2 d4 34. Ng4 Qf3 35. Qg5 Ne2+ 36. Kh2 Rf8 37. Ne5 Qxb3 38. Nxg6 hxg6 39. Qxg6+ Kh8 40. Qh5+ Kg8 41. Qg4+ Kh7 42. Qxe2 d3 43. Qe4+ Kg8 44. Qg4+ Kh8 45. Qd4+ Kg8 46. Rc1 Qa2 47. Kg1 Qd2 48. Rc7 Rf7 49. Qg4+ Kf8 50. Rc8+ Ke7 51. Qe4+ Kf6 52. Rc6+ Kg7 53. Qg6+ 1-0

[Event "94th FRA-ch Veterans 2019"]
[Site "Chartres"]
[Date "2019.08.21"]
[Round "5.6"]
[White "Basic, Bosko"]
[Black "Brongers, Henk"]
[Result "0-1"]
[ECO "A08"]
[WhiteElo "1986"]
[BlackElo "2026"]
[Annotator "NA"]
[PlyCount "102"]
[EventDate "2019.08.17"]
[EventType "swiss"]
[EventCountry "FRA"]
[SourceTitle "playchess.com"]
[Source "ChessBase"]
[SourceQuality "1"]
[TimeControl "40/5400+30:1800+30"]

1. Nf3 Nf6 2. d4 g6 3. g3 Bg7 4. Bg2 O-O 5. O-O d6 6. Nbd2 c5 7. dxc5 dxc5 8. e4 Nc6 9. c3 Qc7 10. Re1 Rd8 11. Qe2 Ng4 12. Nb3 Nce5 13. Bf4 Nxf3+ 14. Bxf3 Ne5 15. Bg2 b6 16. Rad1 Bb7 17. Nd2 a5 18. Nc4 Ba6 19. Rd5 e6 20. Rxd8+ Rxd8 21. b3 Qe7 22. Bxe5 Bxe5 23. Qb2 Bxc4 24. bxc4 Bc7 25. Bf3 h5 26. h4 Qf6 27. Kg2 Rd3 28. Qe2 Qxc3 29. e5 Qxc4 30. Rd1 Rd4 31. Qxc4 Rxc4 32. Rb1 Bxe5 33. Rxb6 Ra4 34. Rc6 Bd4 35. g4 hxg4 36. Bxg4 Rxa2 37. h5 Rxf2+ 38. Kg3 gxh5 39. Bxh5 a4 40. Ra6 Ra2 41. Ra7 Ra3+ 42. Kg2 Ra2+ 43. Kg3 Rf2 44. Rxa4 Rf5 45. Be2 Be5+ 46. Kg4 Rf2 47. Bd3 Kg7 48. Ra7 Kh6 49. Ra6 Rf4+ 50. Kh3 Rf3+ 51. Kg4 Rxd3 0-1

[Event "94th FRA-ch Veterans 2019"]
[Site "Chartres"]
[Date "2019.08.22"]
[Round "6.1"]
[White "Goldenberg, Richard"]
[Black "Dussol, Pierre"]
[Result "0-1"]
[ECO "A54"]
[WhiteElo "2219"]
[BlackElo "2102"]
[Annotator "NA"]
[PlyCount "56"]
[EventDate "2019.08.17"]
[EventType "swiss"]
[EventCountry "FRA"]
[SourceTitle "playchess.com"]
[Source "ChessBase"]
[SourceQuality "1"]
[TimeControl "40/5400+30:1800+30"]

1. Nf3 d6 2. d4 Nf6 3. c4 Nbd7 4. Nc3 e5 5. Bg5 Be7 6. e3 O-O 7. Qc2 c6 8. Bd3 exd4 9. exd4 Re8 10. O-O-O a6 11. Kb1 b5 12. Rde1 bxc4 13. Bxc4 Rb8 14. h4 Qa5 15. Re2 Nb6 16. Bd3 Be6 17. Bxf6 Bxf6 18. Bxh7+ Kf8 19. Bd3 c5 20. Ng5 Bxd4 21. Rxe6 fxe6 22. Rh3 Bxc3 23. bxc3 Nc4+ 24. Ka1 Rb2 25. Rf3+ Ke7 26. Rf7+ Kd8 27. Qxb2 Nxb2 28. Kxb2 Re7 0-1

[Event "94th FRA-ch Veterans 2019"]
[Site "Chartres"]
[Date "2019.08.22"]
[Round "6.2"]
[White "Brongers, Henk"]
[Black "Large, Laurent"]
[Result "1/2-1/2"]
[ECO "B39"]
[WhiteElo "2026"]
[BlackElo "2183"]
[Annotator "NA"]
[PlyCount "124"]
[EventDate "2019.08.17"]
[EventType "swiss"]
[EventCountry "FRA"]
[SourceTitle "playchess.com"]
[Source "ChessBase"]
[SourceQuality "1"]
[TimeControl "40/5400+30:1800+30"]

1. e4 c5 2. Nf3 Nc6 3. d4 cxd4 4. Nxd4 g6 5. c4 Bg7 6. Be3 Nf6 7. Nc3 Ng4 8. Qxg4 Nxd4 9. Qd1 e5 10. Qd2 d6 11. Nb5 Nxb5 12. cxb5 Be6 13. b6 axb6 14. Bb5+ Bd7 15. Bxd7+ Qxd7 16. Bxb6 Qb5 17. Be3 O-O 18. a4 Rxa4 19. Rxa4 Qxa4 20. O-O Qxe4 21. Qxd6 h5 22. Rc1 Ra8 23. h3 Qa4 24. b4 Qb3 25. Rc7 Bf8 26. Qd7 Bxb4 27. Rxb7 Qc4 28. Rc7 Qa2 29. Rc8+ Rxc8 30. Qxc8+ Kh7 31. Bg5 Qb1+ 32. Kh2 Qf5 33. Qd8 Qxf2 34. Bf6 Qf4+ 35. Kh1 Bf8 36. Bxe5 Qxe5 37. Qxf8 Qf4 38. Kg1 g5 39. Qd8 Kg7 40. Qd5 Kg6 41. Qd3+ Qf5 42. Qd6+ f6 43. Qd8 Qc5+ 44. Kh1 g4 45. Qg8+ Kf5 46. hxg4+ hxg4 47. Qh7+ Kf4 48. Qh2+ Kg5 49. Qh8 Qc1+ 50. Kh2 Qc7+ 51. g3 Qc2+ 52. Kg1 Qd1+ 53. Kg2 Qf3+ 54. Kh2 Qf5 55. Qg8+ Qg6 56. Qd5+ Kh6 57. Qd6 Qh5+ 58. Kg2 Qe5 59. Qf8+ Kg6 60. Qg8+ Kf5 61. Qh7+ Ke6 62. Qg8+ Kf5 1/2-1/2

[Event "94th FRA-ch Veterans 2019"]
[Site "Chartres"]
[Date "2019.08.22"]
[Round "6.3"]
[White "Daurelle, Herve"]
[Black "Flachet, Thierry"]
[Result "1-0"]
[ECO "C06"]
[WhiteElo "2179"]
[BlackElo "2036"]
[Annotator "NA"]
[PlyCount "63"]
[EventDate "2019.08.17"]
[EventType "swiss"]
[EventCountry "FRA"]
[SourceTitle "playchess.com"]
[Source "ChessBase"]
[SourceQuality "1"]
[TimeControl "40/5400+30:1800+30"]

1. e4 e6 2. d4 d5 3. Nd2 Nf6 4. e5 Nfd7 5. c3 c5 6. Bd3 b6 7. Nh3 Ba6 8. Bxa6 Nxa6 9. Qg4 b5 10. O-O Nb6 11. Nf3 Qd7 12. Nf4 g6 13. h4 h5 14. Qg3 c4 15. Nh3 Be7 16. Bg5 O-O-O 17. b3 Kb7 18. Nd2 Nb8 19. bxc4 bxc4 20. a4 a6 21. a5 Na8 22. Qf3 Rdf8 23. Nxc4 Ka7 24. Bxe7 Qxe7 25. Nd6 Nc6 26. Rfb1 Rb8 27. Qxf7 Qxf7 28. Nxf7 Rhf8 29. Nd6 Rxb1+ 30. Rxb1 Nxa5 31. Nf4 Nc7 32. Nxg6 1-0

[Event "94th FRA-ch Veterans 2019"]
[Site "Chartres"]
[Date "2019.08.22"]
[Round "6.4"]
[White "Canovas, Eric"]
[Black "Leuly, Max"]
[Result "0-1"]
[ECO "E94"]
[WhiteElo "1904"]
[BlackElo "2018"]
[Annotator "NA"]
[PlyCount "80"]
[EventDate "2019.08.17"]
[EventType "swiss"]
[EventCountry "FRA"]
[SourceTitle "playchess.com"]
[Source "ChessBase"]
[SourceQuality "1"]
[TimeControl "40/5400+30:1800+30"]

1. d4 Nf6 2. c4 g6 3. Nc3 Bg7 4. e4 d6 5. Nf3 O-O 6. Be2 e5 7. Be3 exd4 8. Nxd4 Re8 9. f3 c6 10. O-O d5 11. Nc2 dxe4 12. Qxd8 Rxd8 13. Rad1 Re8 14. fxe4 Nbd7 15. b3 Nxe4 16. Nxe4 Rxe4 17. Bf3 Re8 18. Bd4 Ne5 19. h3 Bf5 20. Ne3 Nxf3+ 21. Rxf3 Be6 22. Bxg7 Kxg7 23. Rff1 Rad8 24. Kf2 f5 25. g3 f4 26. gxf4 Bxh3 27. Rfe1 Rxd1 28. Rxd1 Re7 29. Kf3 Rd7 30. Rxd7+ Bxd7 31. Ke4 Kf6 32. b4 h5 33. Ng2 Be6 34. Kd4 g5 35. fxg5+ Kxg5 36. a3 h4 37. c5 h3 38. Ne1 Bd5 39. Nd3 h2 40. Nf2 Kf4 0-1

[Event "94th FRA-ch Veterans 2019"]
[Site "Chartres"]
[Date "2019.08.22"]
[Round "6.5"]
[White "Ladisic, Alex-Sacha"]
[Black "Delmas-Goyon, Francois"]
[Result "1-0"]
[ECO "B47"]
[WhiteElo "1943"]
[BlackElo "1926"]
[Annotator "NA"]
[PlyCount "47"]
[EventDate "2019.08.17"]
[EventType "swiss"]
[EventCountry "FRA"]
[SourceTitle "playchess.com"]
[Source "ChessBase"]
[SourceQuality "1"]
[TimeControl "40/5400+30:1800+30"]

1. e4 c5 2. Nf3 e6 3. d4 cxd4 4. Nxd4 Nc6 5. Nc3 Qc7 6. Nxc6 bxc6 7. Bd3 d5 8. O-O Nf6 9. f4 Bc5+ 10. Kh1 h5 11. e5 Ng4 12. Qe2 a5 13. Na4 Ba7 14. b3 Bd7 15. c4 Bd4 16. Bb2 c5 17. Bxd4 cxd4 18. cxd5 Ne3 19. d6 Qb7 20. Rfc1 Bc6 21. Rxc6 Qxc6 22. Bb5 Rc8 23. Bxc6+ Rxc6 24. Qb5 1-0

[Event "94th FRA-ch Veterans 2019"]
[Site "Chartres"]
[Date "2019.08.22"]
[Round "6.6"]
[White "Salvaing, Jean-Louis"]
[Black "Ribaud-Chevrey, Philippe"]
[Result "0-1"]
[ECO "A44"]
[WhiteElo "1878"]
[BlackElo "2038"]
[Annotator "NA"]
[PlyCount "130"]
[EventDate "2019.08.17"]
[EventType "swiss"]
[EventCountry "FRA"]
[SourceTitle "playchess.com"]
[Source "ChessBase"]
[SourceQuality "1"]
[TimeControl "40/5400+30:1800+30"]

1. d4 c5 2. d5 e5 3. dxe6 fxe6 4. e4 Nc6 5. Nc3 a6 6. a4 Nf6 7. Bg5 Be7 8. Nf3 Qc7 9. Be2 O-O 10. O-O b6 11. Qd2 Bb7 12. Bf4 e5 13. Bg5 Nd4 14. Bxf6 Rxf6 15. Bc4+ Kh8 16. Nxd4 cxd4 17. Nd5 Bxd5 18. Bxd5 Raf8 19. Rac1 a5 20. c3 dxc3 21. Qxc3 Bc5 22. Rc2 Qd6 23. Qe1 Bd4 24. b3 Rf4 25. Bb7 Qg6 26. b4 axb4 27. Qxb4 Bc5 28. Qe1 d6 29. a5 bxa5 30. Qxa5 h5 31. Bd5 Rg4 32. Rxc5 Rxg2+ 33. Kh1 dxc5 34. Qxc5 Rd8 35. Qe7 Qg5 36. Qxd8+ Qxd8 37. Kxg2 Qg5+ 38. Kh1 Qf4 39. f3 g5 40. Kg2 g4 41. Rf2 h4 42. fxg4 h3+ 43. Kf1 Qxg4 44. Ke1 Kg7 45. Bc6 Kh6 46. Bd5 Kg5 47. Bc6 Qc8 48. Bd5 Qa6 49. Kd2 Qb6 50. Ke2 Qd4 51. Rf5+ Kg4 52. Rf2 Kh4 53. Ke1 Qe3+ 54. Kf1 Kg5 55. Rf5+ Kg4 56. Rf2 Kh4 57. Re2 Qf3+ 58. Ke1 Qh1+ 59. Kd2 Qg1 60. Be6 Qf1 61. Bf5 Kg5 62. Ke3 Qf4+ 63. Kd3 Qc1 64. Re3 Qd1+ 65. Kc3 Qd4+ {[%emt 0:11:56] Kd2} 0-1

[Event "94th FRA-ch Veterans 2019"]
[Site "Chartres"]
[Date "2019.08.23"]
[Round "7.1"]
[White "Dussol, Pierre"]
[Black "Daurelle, Herve"]
[Result "1/2-1/2"]
[ECO "E01"]
[WhiteElo "2102"]
[BlackElo "2179"]
[Annotator "NA"]
[PlyCount "82"]
[EventDate "2019.08.17"]
[EventType "swiss"]
[EventCountry "FRA"]
[SourceTitle "playchess.com"]
[Source "ChessBase"]
[SourceQuality "1"]
[TimeControl "40/5400+30:1800+30"]

1. d4 Nf6 2. c4 e6 3. Nf3 c5 4. g3 cxd4 5. Nxd4 d5 6. Bg2 e5 7. Nb3 d4 8. O-O Nc6 9. e3 d3 10. Nc3 Bg4 11. f3 Be6 12. f4 Bxc4 13. Nd2 Be6 14. Bxc6+ bxc6 15. f5 Bc8 16. Qa4 Bb7 17. Nc4 Be7 18. Nxe5 d2 19. Qb3 O-O 20. Qxb7 dxc1=Q 21. Raxc1 Bc5 22. Nd1 Qd5 23. Qxc6 Bxe3+ 24. Nxe3 Qxe5 25. Qc3 Qb5 26. b3 Rfe8 27. Rfe1 h5 28. a4 Qb6 29. a5 Qb5 30. b4 Rab8 31. Rb1 Re4 32. Nc2 Qxf5 33. Rf1 Qh3 34. Qd2 Rbe8 35. Qg2 Qc8 36. Rbe1 Qc4 37. Rxe4 Rxe4 38. Qd2 Re2 39. Ne3 Qb5 40. Qd8+ Kh7 41. Qd4 Kg8 1/2-1/2

[Event "94th FRA-ch Veterans 2019"]
[Site "Chartres"]
[Date "2019.08.23"]
[Round "7.2"]
[White "Large, Laurent"]
[Black "Ladisic, Alex-Sacha"]
[Result "1-0"]
[ECO "B08"]
[WhiteElo "2183"]
[BlackElo "1943"]
[Annotator "NA"]
[PlyCount "103"]
[EventDate "2019.08.17"]
[EventType "swiss"]
[EventCountry "FRA"]
[SourceTitle "playchess.com"]
[Source "ChessBase"]
[SourceQuality "1"]
[TimeControl "40/5400+30:1800+30"]

1. d4 Nf6 2. Nf3 d6 3. Nc3 g6 4. e4 Bg7 5. h3 O-O 6. Bc4 Nc6 7. Be3 Nxe4 8. Nxe4 d5 9. Bd3 dxe4 10. Bxe4 Bd7 11. d5 Ne5 12. Nxe5 Bxe5 13. Bd4 Bxd4 14. Qxd4 e5 15. Qc4 b5 16. Qb3 Qh4 17. g4 Rab8 18. O-O-O Qxf2 19. Rhf1 Qc5 20. Kb1 Qd6 21. g5 a5 22. Rf6 Qe7 23. Rdf1 a4 24. Qf3 b4 25. h4 a3 26. h5 Qc5 27. hxg6 Qd4 28. c3 bxc3 29. b3 c2+ 30. Kxc2 Qb2+ 31. Kd1 Qa1+ 32. Kd2 Qb2+ 33. Bc2 hxg6 34. Qd3 Bf5 35. R1xf5 gxf5 36. Qxf5 Qd4+ 37. Ke2 e4 38. g6 Kg7 39. Rxf7+ Rxf7 40. Qxf7+ Kh6 41. Qf4+ Kxg6 42. Bxe4+ Kg7 43. Qxc7+ Kf6 44. Qf4+ Ke7 45. Qc7+ Kf6 46. Qd6+ Kg5 47. Qg3+ Kf6 48. Qg6+ Ke5 49. Qe6+ Kf4 50. Qf5+ Kg3 51. Qf3+ Kh4 52. Qf4+ 1-0

[Event "94th FRA-ch Veterans 2019"]
[Site "Chartres"]
[Date "2019.08.23"]
[Round "7.3"]
[White "Leuly, Max"]
[Black "Brongers, Henk"]
[Result "1/2-1/2"]
[ECO "D02"]
[WhiteElo "2018"]
[BlackElo "2026"]
[Annotator "NA"]
[PlyCount "117"]
[EventDate "2019.08.17"]
[EventType "swiss"]
[EventCountry "FRA"]
[SourceTitle "playchess.com"]
[Source "ChessBase"]
[SourceQuality "1"]
[TimeControl "40/5400+30:1800+30"]

1. d4 Nf6 2. Nf3 g6 3. Bf4 Bg7 4. e3 d5 5. Be2 c5 6. c3 Qb6 7. Qb3 c4 8. Qxb6 axb6 9. Nbd2 Nc6 10. O-O Bf5 11. Ne5 b5 12. a3 O-O 13. h3 h5 14. Rfe1 Ra6 15. f3 Nb8 16. e4 dxe4 17. fxe4 Nxe4 18. Nxe4 Bxe4 19. Bxc4 bxc4 20. Rxe4 b5 21. Nf3 Nc6 22. d5 e5 23. Nxe5 Nxe5 24. Bxe5 Bxe5 25. Rxe5 Rd6 26. Rd1 Rfd8 27. Kf2 Kf8 28. Ke3 f6 29. Re4 Rxd5 30. Rxd5 Rxd5 31. a4 bxa4 32. Rxc4 Rb5 33. Rxa4 Rxb2 34. Kf3 Rc2 35. Rc4 Ke7 36. h4 Kd6 37. g3 Rc1 38. Rc8 g5 39. hxg5 fxg5 40. Kg2 g4 41. c4 Rc2+ 42. Kf1 Ke5 43. Rf8 Rxc4 44. Kg2 Rc2+ 45. Kg1 Ke4 46. Rf7 Ke3 47. Rf8 Rd2 48. Rf7 Ke2 49. Rf2+ Ke3 50. Rf8 Rd3 51. Kg2 Rd2+ 52. Kg1 Ke4 53. Rf4+ Ke5 54. Rf8 Rd6 55. Kg2 Rf6 56. Re8+ Kf5 57. Rh8 Kg5 58. Rg8+ Rg6 59. Ra8 1/2-1/2

[Event "94th FRA-ch Veterans 2019"]
[Site "Chartres"]
[Date "2019.08.23"]
[Round "7.4"]
[White "Flachet, Thierry"]
[Black "Vareille, Francois"]
[Result "0-1"]
[ECO "D90"]
[WhiteElo "2036"]
[BlackElo "2423"]
[Annotator "NA"]
[PlyCount "80"]
[EventDate "2019.08.17"]
[EventType "swiss"]
[EventCountry "FRA"]
[SourceTitle "playchess.com"]
[Source "ChessBase"]
[SourceQuality "1"]
[TimeControl "40/5400+30:1800+30"]

1. Nf3 Nf6 2. c4 g6 3. Nc3 d5 4. cxd5 Nxd5 5. Qb3 Nb6 6. d4 Bg7 7. e4 Bg4 8. Ne5 Be6 9. d5 Bxd5 10. exd5 Bxe5 11. Bh6 Rg8 12. Bb5+ N8d7 13. f4 Bh8 14. O-O-O a6 15. Bc6 Qc8 16. Bxd7+ Qxd7 17. d6 O-O-O 18. Qxf7 exd6 19. Qxd7+ Kxd7 20. Ne4 Rde8 21. Rhe1 Na4 22. Rd2 Re6 23. Rde2 Rge8 24. b3 Nc3 25. Nxc3 Bxc3 26. Rxe6 Rxe6 27. Rxe6 Kxe6 28. Kc2 Bd4 29. g4 b5 30. Kd3 Bg1 31. h3 c5 32. Ke4 d5+ 33. Kf3 Bd4 34. Bf8 c4 35. Ke2 Bb6 36. Bg7 d4 37. Bh8 Kd5 38. f5 gxf5 39. gxf5 Bc5 40. Bg7 Ke4 0-1

[Event "94th FRA-ch Veterans 2019"]
[Site "Chartres"]
[Date "2019.08.23"]
[Round "7.5"]
[White "Canonne, Antoine"]
[Black "Goldenberg, Richard"]
[Result "1/2-1/2"]
[ECO "B06"]
[WhiteElo "1920"]
[BlackElo "2219"]
[Annotator "NA"]
[PlyCount "58"]
[EventDate "2019.08.17"]
[EventType "swiss"]
[EventCountry "FRA"]
[SourceTitle "playchess.com"]
[Source "ChessBase"]
[SourceQuality "1"]
[TimeControl "40/5400+30:1800+30"]

1. e4 g6 2. d4 Bg7 3. Nc3 c5 4. Be3 Nc6 5. dxc5 Bxc3+ 6. bxc3 Qa5 7. Qd2 Nf6 8. f3 O-O 9. Bd3 Rd8 10. Ne2 b6 11. cxb6 d5 12. Nd4 Qxb6 13. Nxc6 Qxc6 14. e5 Nd7 15. Bd4 f6 16. f4 fxe5 17. fxe5 Rf8 18. Rf1 Ba6 19. Qe2 Bc4 20. Bxc4 dxc4 21. Kd2 e6 22. Rxf8+ Rxf8 23. Rf1 a6 24. Rxf8+ Kxf8 25. h4 Ke8 26. h5 Qd5 27. hxg6 hxg6 28. Kc1 Kf7 29. Qg4 Qc6 1/2-1/2

[Event "94th FRA-ch Veterans 2019"]
[Site "Chartres"]
[Date "2019.08.23"]
[Round "7.6"]
[White "Ribaud-Chevrey, Philippe"]
[Black "Beaufils, Philippe"]
[Result "1-0"]
[ECO "A00"]
[WhiteElo "2038"]
[BlackElo "1811"]
[Annotator "NA"]
[PlyCount "31"]
[EventDate "2019.08.17"]
[EventType "swiss"]
[EventCountry "FRA"]
[SourceTitle "playchess.com"]
[Source "ChessBase"]
[SourceQuality "1"]
[TimeControl "40/5400+30:1800+30"]

1. Nc3 d5 2. e4 dxe4 3. Nxe4 Nf6 4. Nxf6+ gxf6 5. Bc4 Qd4 6. Qe2 Bg4 7. f3 Bd7 8. c3 Qb6 9. d4 Nc6 10. Be3 Na5 11. Bd3 Qd6 12. Rd1 O-O-O 13. b4 Nc6 14. Bc4 e5 15. d5 Nb8 16. Bc5 1-0

[Event "94th FRA-ch Veterans 2019"]
[Site "Chartres"]
[Date "2019.08.24"]
[Round "8.1"]
[White "Large, Laurent"]
[Black "Dussol, Pierre"]
[Result "0-1"]
[ECO "E61"]
[WhiteElo "2183"]
[BlackElo "2102"]
[Annotator "NA"]
[PlyCount "74"]
[EventDate "2019.08.17"]
[EventType "swiss"]
[EventCountry "FRA"]
[SourceTitle "playchess.com"]
[Source "ChessBase"]
[SourceQuality "1"]
[TimeControl "40/5400+30:1800+30"]

1. d4 Nf6 2. Nf3 g6 3. c4 Bg7 4. e3 O-O 5. Be2 d6 6. Nc3 Nbd7 7. O-O e5 8. Qc2 c6 9. Rd1 Re8 10. b4 e4 11. Nd2 Qe7 12. a4 Nf8 13. a5 Bf5 14. a6 b6 15. Bb2 Rac8 16. Nf1 h5 17. c5 d5 18. cxb6 axb6 19. b5 Qe6 20. bxc6 Qxc6 21. Qb3 Qe6 22. a7 Ra8 23. Nb5 Qd7 24. Rdc1 Ne6 25. Qa4 Red8 26. Qa6 h4 27. Qxb6 Ne8 28. Ba3 h3 29. g3 Ng5 30. Qc6 Qxc6 31. Rxc6 Bd7 32. Rb6 Bxb5 33. Rxb5 Rxa7 34. Bb2 Rxa1 35. Bxa1 Rc8 36. Rxd5 f5 37. g4 Rc2 0-1

[Event "94th FRA-ch Veterans 2019"]
[Site "Chartres"]
[Date "2019.08.24"]
[Round "8.2"]
[White "Daurelle, Herve"]
[Black "Leuly, Max"]
[Result "1-0"]
[ECO "B78"]
[WhiteElo "2179"]
[BlackElo "2018"]
[Annotator "NA"]
[PlyCount "96"]
[EventDate "2019.08.17"]
[EventType "swiss"]
[EventCountry "FRA"]
[SourceTitle "playchess.com"]
[Source "ChessBase"]
[SourceQuality "1"]
[TimeControl "40/5400+30:1800+30"]

1. e4 c5 2. Nf3 d6 3. d4 cxd4 4. Nxd4 Nf6 5. Nc3 g6 6. Be3 Bg7 7. f3 O-O 8. Qd2 Nc6 9. Bc4 Bd7 10. O-O-O Ne5 11. Bb3 Rc8 12. Kb1 Nc4 13. Bxc4 Rxc4 14. g4 Qc7 15. h4 Rc8 16. h5 Qa5 17. Nb3 Qe5 18. Bd4 Qe6 19. h6 Bh8 20. Rhe1 Rxd4 21. Nxd4 Qc4 22. g5 Ne8 23. Nd5 Kf8 24. c3 Qc5 25. Nb3 Qc6 26. Qe3 b6 27. Nd4 Qb7 28. f4 e6 29. Nb4 a5 30. Nbc2 b5 31. f5 gxf5 32. exf5 e5 33. g6 hxg6 34. fxg6 fxg6 35. Qg5 Nf6 36. Rf1 Kf7 37. Rxf6+ Bxf6 38. Rf1 Bf5 39. Nxf5 Bxg5 40. Nxd6+ Ke7 41. Nxb7 Bxh6 42. Nxa5 Bf4 43. Nb4 g5 44. Kc2 Ke6 45. Nac6 Rh8 46. Nd3 Kd6 47. Ncxe5 Bxe5 48. Rf5 Kd5 1-0